 Dungeon Crawl Stone Soup version 0.28-a0-773-g130ae17fe5 (webtiles) character file.

Game seed: 13141306433536609318

35 flotson the Sneak (level 3, 0/17 HPs)
             Began as a Felid Delver on Nov 1, 2021.
             Was an Initiate of Hepliaklqana.
             Slain by a giant cockroach (2 damage)
             ... on level 3 of the Dungeon.
             The game lasted 00:03:00 (1250 turns).

flotson the Sneak (Felid Delver)                    Turns: 1250, Time: 00:03:00

Health: 0/17       AC:  1    Str:  9    XL:     3   Next: 17%
Magic:  4/4        EV: 17    Int: 11    God:    Hepliaklqana [......]
Gold:   52         SH:  0    Dex: 17    Spells: 2/2 levels left
                                        Lives:  0   Deaths: 0

rFire   . . .      SeeInvis +     - Unarmed
rCold   . . .      Faith    .   (shield unavailable)
rNeg    + . .      Spirit   .   (armour unavailable)
rPois   .          Reflect  .   (helmet unavailable)
rElec   .          Harm     .   (cloak unavailable)
rCorr   .          Rampage  .   (gloves unavailable)
Will    .....                   (boots unavailable)
Stlth   ++++......              (no amulet)
HPRegen 0.05/turn               g - ring of positive energy
MPRegen 0.09/turn               (no ring)

@: quick
A: very small, claws 1, fangs 3, see invisible, speed 1, shaggy fur 1, stealthy
paws, no weapons or thrown items, no armour, multi-lived
a: Renounce Religion


You were on level 3 of the Dungeon.
You worshipped Hepliaklqana.
Hepliaklqana was noncommittal.
You visited 1 branch of the dungeon, and saw 3 of its levels.

You collected 52 gold pieces.

Inventory:

Armour
 b - a +0 pair of gloves
Jewellery
 g - a ring of positive energy (left paw)
Wands
 e - a wand of digging (3)
Scrolls
 a - a scroll of fog
 c - a scroll of noise {unknown}
Potions
 d - 2 potions of haste
 f - a potion of brilliance {unknown}


   Skills:
 + Level 3.2 Fighting
 + Level 2.9 Dodging
 + Level 7.6 Stealth
 + Level 2.2 Unarmed Combat


You had 2 spell levels left.
You didn't know any spells.
Your spell library contained the following spells:

 Spells                   Type           Power      Damage    Failure   Level
 Slow                     Hex            0%         N/A       34%         1
 Summon Small Mammal      Summ           0%         N/A       34%         1
 Call Canine Familiar     Summ           0%         N/A       71%         3
 Confusing Touch          Hex            0%         N/A       71%         3
 Summon Guardian Golem    Hex/Summ       0%         N/A       71%         3
 Yara's Violent Unravell  Hex/Tmut       0%         3d3       100%        5


Dungeon Overview and Level Annotations

Branches:
Dungeon (5/15)
 Temple: D:4-7

Altars:
Hepliaklqana
Ru

Annotations:
D:3 2 transporters, a11behringer's ghost, amateur PaBe
D:5 Blork the orc, Edmund


Innate Abilities, Weirdness & Mutations

You have sharp claws.
You have razor-sharp teeth.
You have supernaturally acute eyesight. (SInv)
You cover ground quickly. (Speed+)
You are covered in fur. (AC +1)
Your paws help you pounce on unaware monsters.
You are incapable of wielding weapons or throwing items.
You cannot wear armour.
You gain extra lives every three experience levels.


Message History

The helpless giant cockroach fails to defend itself.
You mangle the giant cockroach!!
You kill the giant cockroach!
You enter the shallow water.
Moving in this stuff is going to be slow.
You see here a giant cockroach corpse.
You enter the shallow water.
Moving in this stuff is going to be slow.
A giant cockroach comes into view.
The giant cockroach completely misses you.
You closely miss the giant cockroach.
You bite the giant cockroach, but do no damage.
The giant cockroach bites you.
Your unstable footing causes you to fumble your attack.
The giant cockroach misses you.
You scratch the giant cockroach but do no damage.
The giant cockroach bites you.
You scratch the giant cockroach but do no damage.
The giant cockroach misses you.
You scratch the giant cockroach but do no damage.
The giant cockroach bites you.
* * * LOW HITPOINT WARNING * * *
You barely miss the giant cockroach.
The giant cockroach bites you but does no damage.
The giant cockroach bites you.
* * * LOW HITPOINT WARNING * * *
You barely miss the giant cockroach. The giant cockroach barely misses you.
You closely miss the giant cockroach.
You hear the brisk rusting of a drain.
The giant cockroach bites you.
* * * LOW HITPOINT WARNING * * *
Your unstable footing causes you to fumble your attack.
The giant cockroach misses you.
You barely miss the giant cockroach. The giant cockroach closely misses you.
You scratch the giant cockroach but do no damage.
The giant cockroach barely misses you.
You closely miss the giant cockroach.
You bite the giant cockroach, but do no damage.
The giant cockroach closely misses you. The giant cockroach bites you.
You die...

##≈ ##≈# #.# #≈#
#≈# #.# #≈# #≈###.#
#≈# #.#...######
#.# #≈#.......w)
#≈# #≈##.#######
#≈# #≈#.......#
#≈#######≈##.####.#
##B@≈≈†.≈##.....#
###########.##.#
####......##.# #
..........##.# .#
#.....###.# .#
###### #......##.#
.# ......
####.#.##.##.#
...... #.........#
......
.#####.......#


You could see a giant cockroach.

Vanquished Creatures
  A hound skeleton (D:5)
  An adder skeleton (D:4)
  A worm (D:3)
  An orc (D:4)
  A ball python (D:4)
  2 bats (D:3)
  2 endoplasms
  2 giant cockroaches
  A goblin (D:3)
  A hobgoblin (D:3)
  A frilled lizard (D:3)
  A rat (D:3)
15 creatures vanquished.

Vanquished Creatures (others)
  A plant (D:5)
1 creature vanquished.

Grand Total: 16 creatures vanquished

Notes
Turn   | Place    | Note
-------+----------+-------------------------------------------
     0 | D:5      | flotson the Felid Delver began the quest for the Orb.
     0 | D:5      | Reached XP level 1. HP: 10/10 MP: 2/2
    32 | D:5      | Reached skill level 7 in Stealth
    32 | D:5      | Reached XP level 2. HP: 14/14 MP: 3/3
    52 | D:5      | Noticed Edmund
    76 | D:5      | Noticed Blork the orc
   535 | D:4      | Found a sacrificial altar of Ru.
   744 | D:3      | Found a transporter.
   744 | D:3      | Noticed a11behringer's ghost (amateur PaBe)
   750 | D:3      | Found a transporter.
   826 | D:3      | Found a hazy altar of Hepliaklqana.
   833 | D:3      | Became a worshipper of Hepliaklqana the Forgotten
   923 | D:3      | Noticed a scorpion
  1012 | D:3      | Reached XP level 3. HP: 11/17 MP: 4/4
  1250 | D:3      | Slain by a giant cockroach

Illustrated notes

Levels and vault maps discovered:
D:3:      layout_basic, nzn_hepliaklqana_mist_gate, nzn_wu_jian_contemplation,
          gammafunk_ghost_arena, gup_sewer_entry_spiral
D:4:      layout_cave_pods, nicolae_ru_awakened_eye,
          chequers_serial_rivers_micro_e
D:5:      layout_layer_cave, kiku_gazebo_pond_becter, kennysheep_boxes,
          uniq_ijyb, uniq_edmund, uniq_blork_the_orc, uniq_eustachio

Skill      XL: |  1 |
---------------+----+-----
Stealth        | 7 |  7.6
Fighting       | |  3.2
Dodging        | |  2.9
Unarmed Combat | |  2.2

Action                   || total
-------------------------++-------
Melee: Unarmed           ||    70
       Bite              ||     7
       Punch             ||     1
  Use: Scroll            ||     2
 Stab: Sleeping          ||     6
Armor: Skin              ||     7
Dodge: Dodged            ||    46

Table legend: (Time is in decaauts)
 A = Elapsed time spent in this place.
 B = Non-inter-level travel time spent in this place.
 C = Inter-level travel time spent in this place.
 D = Time resting spent in this place.
 E = Time spent auto-exploring this place.
 F = Levels seen in this place.
 G = Mean time per level.
                   A        B        C        D        E       F      G
               +--------+--------+--------+--------+--------+-----+--------+
         Total |   1115 |   1109 |      6 |      0 |    719 |   3 |  371.7 |
       Dungeon |   1115 |   1109 |      6 |      0 |    719 |   3 |  371.7 |
               +--------+--------+--------+--------+--------+-----+--------+

Top non-repeatable levels by time:
     D:4: 557 daAuts
     D:3: 462 daAuts
     D:5: 95 daAuts
